 Dungeon Crawl Stone Soup version 0.23.2-33-g5129a83184 (webtiles) character file.

Game seed: 5748537418200670075

331006 dvd the Sorcerer (level 20, 0/114 HPs)
             Began as a Deep Elf Fire Elementalist on June 30, 2019.
             Was the Champion of Vehumet.
             Shot with an arrow by a centaur warrior (21 damage)
             ... summoned by a vault warden
             ... on level 1 of the Vaults on July 1, 2019.
             The game lasted 04:04:53 (59036 turns).

dvd the Sorcerer (Deep Elf Fire Elementalist)      Turns: 59036, Time: 04:04:53

Health: 0/114      AC: 15    Str:  3 (4)  XL:     20   Next: 86%
Magic:  22/45      EV: 18    Int: 21 (26) God:    Vehumet [******]
Gold:   3110       SH: 11    Dex: 15      Spells: 3/67 levels left

rFire    + . .     SeeInvis .   B - staff of fire
rCold    + + .     Gourm    .   L - +1 buckler {AC+3}
rNeg     + . .     Faith    .   F - +1 robe "Ytukodoh" {+Inv rPois rCorr Str-4}
rPois    +         Spirit   .   x - +2 hat
rElec    +         Reflect  +   N - +2 cloak {MR+}
rCorr    +         Harm     .   Q - +2 pair of gloves {Str+3}
MR       ++++.                  J - +0 pair of boots
Stlth    ++++......             E - +6 amulet of reflection
HPRegen  0.29/turn              T - ring "Hiuner" {rElec rN+ Slay+3}
MPRegen  0.29/turn              A - ring of the Catfish {rC++ MR+ Str-2}

@: no status effects
A: deterioration 1, dopey 1, low mp 1, robust 1, wild magic 1
}: 2/15 runes: serpentine, barnacled
a: Renounce Religion, Evoke Invisibility


You were on level 1 of the Vaults.
You worshipped Vehumet.
Vehumet was exalted by your worship.
You were not hungry.

You visited 8 branches of the dungeon, and saw 36 of its levels.
You also visited: Gauntlet and Ice Cave.

You collected 4369 gold pieces.
You spent 1259 gold pieces at shops.

Inventory:

Hand Weapons
 a - a +9 quarterstaff of venom
 K - the +2 spear "Dragon's Tongue" {pierce, rN+ Str+4 Dex+2}
   (You took it off an orc wizard on level 14 of the Dungeon)

   It inflicts extra damage upon your enemies.
   It affects your strength (+4).
   It affects your dexterity (+2).
   It protects you from negative energy.
 W - a +5 long sword of electrocution
Armour
 e - a +2 robe of the Archmagi
 x - a +2 hat (worn)
 F - the +1 robe "Ytukodoh" (worn) {+Inv rPois rCorr Str-4}
   (You found it on level 5 of the Dungeon)

   It affects your strength (-4).
   It protects you from poison.
   It lets you turn invisible.
   It provides partial protection from all sources of acid and corrosion.
 J - a +0 pair of boots (worn)
 L - a +1 buckler of protection (worn)
 N - a +2 cloak of magic resistance (worn)
 Q - a +2 pair of gloves of strength (worn)
Magical Staves
 B - an uncursed staff of fire (weapon)
 V - an uncursed staff of power
Jewellery
 A - the ring of the Catfish (right hand) {rC++ MR+ Str-2}
   (You found it in a Gauntlet)

   [ring of strength]

   It affects your strength (-2).
   It greatly protects you from cold.
   It affects your resistance to hostile enchantments.
 D - an uncursed ring of see invisible
 E - a +6 amulet of reflection (around neck)
 T - the ring "Hiuner" (left hand) {rElec rN+ Slay+3}
   (You took it off a deep elf mage on level 3 of the Elven Halls)

   [ring of positive energy]

   It affects your accuracy and damage with ranged weapons and melee attacks
   (+3).
   It insulates you from electricity.
   It protects you from negative energy.
Wands
 b - a wand of flame (30)
 d - a wand of acid (32)
 j - a wand of disintegration (12)
 z - a wand of scattershot (5)
 C - a wand of paralysis (28)
 I - a wand of iceblast (65)
 M - a wand of enslavement (6)
 S - a wand of digging (7)
 U - a wand of random effects (18)
Scrolls
 f - 9 scrolls of blinking
 h - 6 scrolls of fog
 i - 18 scrolls of remove curse
 k - 2 scrolls of fear
 n - 8 scrolls of teleportation
 p - a scroll of magic mapping
 q - 2 scrolls of amnesia
 s - 25 scrolls of identify
 y - 2 scrolls of summoning
Potions
 g - 5 potions of might
 l - 7 potions of flight
 m - 3 potions of heal wounds
 o - 2 potions of invisibility
 u - 18 potions of curing
 v - a potion of brilliance
 w - 4 potions of mutation
 O - 4 potions of haste
 P - 2 potions of ambrosia
 R - a potion of resistance
 Y - 2 potions of agility
Miscellaneous
 r - a lightning rod (4/4)
 t - a phantom mirror
 G - a lamp of fire
 X - a crystal ball of energy
Comestibles
 c - 29 rations
 Z - 21 chunks of flesh


   Skills:
 + Level 4.5 Fighting
   Level 0.4 Short Blades
 + Level 8.2 Staves
 + Level 0.5 Armour
 + Level 9.5 Dodging
 + Level 7.1 Stealth
 + Level 1.8 Shields
 + Level 24.1 Spellcasting
 + Level 16.1 Conjurations
 + Level 12.8 Charms
 * Level 2.7 Summonings
 + Level 2.3 Translocations
 + Level 4.4 Transmutations
 * Level 19.8 Fire Magic
 + Level 2.0 Ice Magic
 + Level 1.7 Air Magic
 + Level 3.9 Earth Magic
 + Level 10.8 Poison Magic
 * Level 11.0 Evocations


You had 3 spell levels left.
You knew the following spells:

 Your Spells              Type           Power        Failure   Level  Hunger
a - Flame Tongue          Conj/Fire      #####        1%          1    None
b - Throw Flame           Conj/Fire      ######       1%          2    None
c - Ignition              Fire           ########..   1%          8    ######.
d - Sticky Flame          Conj/Fire      ########     1%          4    None
e - Fireball              Conj/Fire      ########..   1%          5    None
f - Stone Arrow           Conj/Erth      ######       1%          3    None
g - Shock                 Conj/Air       ####         1%          1    None
h - Olgreb's Toxic Radia  Pois           #######.     1%          4    None
i - Orb of Destruction    Conj           #######...   1%          7    ####...
j - Bolt of Cold          Conj/Ice       ######....   3%          6    ##.....
k - Blink                 Tloc           N/A          2%          2    None
l - Ignite Poison         Fire/Tmut/Pois #######.     1%          3    None
m - Bolt of Fire          Conj/Fire      ########..   1%          6    ##.....
n - Ring of Flames        Chrm/Fire      ########..   3%          7    ####...
o - Aura of Abjuration    Summ           #####.....   26%         5    None

Your spell library contained the following spells:

 Spells                   Type           Power        Failure   Level  Hunger
 Fire Storm               Conj/Fire      ########..   36%         9    #######
 Lehudib's Crystal Spear  Conj/Erth      ######....   52%         8    ######.
 Tornado                  Air            #####.....   100%        9    #######
 Freeze                   Ice            ####         1%          1    None
 Magic Dart               Conj           ####         1%          1    None
 Sandblast                Erth           ######       1%          1    None
 Summon Butterflies       Summ           #####...     1%          1    None
 Passwall                 Tmut/Erth      ######..     1%          2    None
 Searing Ray              Conj           ######       1%          2    None
 Swiftness                Chrm/Air       ######..     1%          2    None
 Throw Frost              Conj/Ice       ######       1%          2    None
 Conjure Flame            Conj/Fire      ########     1%          3    None
 Dazzling Spray           Conj/Hex       ######       1%          3    None
 Inner Flame              Hex/Fire       #######.     1%          3    None
 Mephitic Cloud           Conj/Pois/Air  ######..     1%          3    None
 Ozocubu's Armour         Chrm/Ice       ######..     1%          3    None
 Static Discharge         Conj/Air       ######..     1%          3    None
 Call Imp                 Summ           #####...     2%          2    None
 Corona                   Hex            ####...      3%          1    None
 Ensorcelled Hibernation  Hex/Ice        #####.       3%          2    None
 Call Canine Familiar     Summ           #####...     3%          3    None
 Recall                   Summ/Tloc      N/A          3%          3    None
 Corpse Rot               Necr           N/A          5%          2    None
 Slow                     Hex            ####....     5%          2    None
 Sublimation of Blood     Necr           ####......   5%          2    None
 Portal Projectile        Hex/Tloc       #####.       6%          3    None
 Throw Icicle             Conj/Ice       ######..     1%          4    None
 Bolt of Draining         Conj/Necr      ######....   1%          5    None
 Bolt of Magma            Conj/Fire/Erth ########..   1%          5    None
 Iskenderun's Battlesphe  Conj/Chrm      #######.     1%          5    None
 Lightning Bolt           Conj/Air       ######....   1%          5    None
 Venom Bolt               Conj/Pois      #######...   1%          5    None
 Iron Shot                Conj/Erth      ######....   2%          6    ##.....
 Airstrike                Air            #####.....   4%          4    None
 Lee's Rapid Deconstruct  Erth           ######....   4%          5    None
 Petrify                  Tmut/Erth      ######..     6%          4    None
 Excruciating Wounds      Chrm/Necr      ######....   7%          5    None
 Freezing Cloud           Conj/Ice/Air   ######....   8%          6    ##.....
 Ice Form                 Ice/Tmut       ######..     9%          4    None
 Summon Ice Beast         Ice/Summ       #####...     12%         4    None
 Summon Lightning Spire   Summ/Air       #####...     12%         4    None
 Leda's Liquefaction      Hex/Erth       #####.....   13%         4    None
 Spellforged Servitor     Conj/Summ      ######....   13%         7    ####...
 Summon Demon             Summ           #####.....   26%         5    None
 Summon Forest            Summ/Tloc      #####.....   26%         5    None
 Animate Dead             Necr           N/A          28%         4    None
 Cause Fear               Hex            ####......   28%         4    None
 Borgnjor's Vile Clutch   Necr/Erth      #####.....   32%         5    None
 Ozocubu's Refrigeration  Ice            #####.....   36%         6    ##.....
 Summon Mana Viper        Hex/Summ       #####...     41%         5    None
 Metabolic Englaciation   Hex/Ice        #####.....   45%         5    None
 Agony                    Necr           ####....     58%         5    None
 Dispel Undead            Necr           ####....     58%         5    None
 Shadow Creatures         Summ           N/A          77%         6    ##.....
 Simulacrum               Ice/Necr       #####.....   94%         6    ##.....
 Dragon Form              Tmut           ######....   97%         7    ####...
 Death Channel            Necr           ####......   98%         6    ##.....
 Dragon's Call            Summ           #####.....   100%        9    #######


Dungeon Overview and Level Annotations

Branches:
Dungeon (15/15)            Temple (1/1) D:6            Lair (6/6) D:9
 Shoals (4/4) Lair:4        Snake (4/4) Lair:3        Slime (0/5) Lair:6
    Orc (2/2) D:9             Elf (3/3) Orc:2        Vaults (1/5) D:14
 Depths (0/5) D:15

Altars:
Ashenzari
Cheibriados
Dithmenos
Elyvilon
Fedhas
Gozag
Hepliaklqana
Kikubaaqudgha
Makhleb
Nemelex Xobeh
Okawaru
Qazlal
Ru
Sif Muna
Trog
Uskayaw
Vehumet
Wu Jian
Xom
Yredelemnul
Zin
The Shining One

Shops:
D:8 *   D:12 %   Orc:2 !:((   Elf:1 (   Elf:3 *   Shoals:1 ?*   Shoals:2 *
Shoals:3 (   Snake:1 }   Snake:4 *

Portals:
Hell: Lair:6

Annotations:
Snake:3 3 runed translucent doors, Smee's ghost, adept MiFi
Elf:2 , 2 transporters, xight's ghost, veteran DEFE


Innate Abilities, Weirdness & Mutations

Your body sometimes deteriorates upon taking damage.
You are dopey. (Int -2)
Your magical capacity is low. (-10% MP)
You are robust. (+10% HP)
Your spells are a little harder to cast, but a little more powerful.


Message History

The arrow dissolves into shadows!
The centaur warrior wields a cursed -3 longbow.
The centaur warrior shoots an arrow.
The arrow hits you!!
* * * LOW HITPOINT WARNING * * *
Your body deteriorates!
You feel weakened.
The arrow dissolves into shadows!
You feel much better.
A white draconian comes into view. It is wielding a +0 trident.
The centaur warrior shoots an arrow.
The arrow hits you!
* * * LOW HITPOINT WARNING * * *
The arrow dissolves into shadows!
Some of the chunks of flesh in your inventory have rotted away.
Unknown command.
Casting: Flame Tongue (safe; 1% risk of failure)
Confirm with . or Enter, or press ? or * to list all spells.
You don't have enough magic to cast that spell.
Unknown command.
Magic courses through your body.
The centaur warrior shoots an arrow.
The arrow hits you!!
You die...

..# ..# ..# ..# '....#
..# #(...# .)# #....#
.)# #d...# ..#
####)...# ..# #§§§))..#
..# #§@§[...# ..#
#§§u(...#
..#############÷......#
..'.......)...+...c...#
..'.......)))(+.upc...#
..#############.u.....#
..# #.......# ..#
#..u....# ..# #.......#


You could see a white draconian, a vault warden, 4 ugly things and 2 centaur
warriors.

Vanquished Creatures
  Saint Roka (Snake:2)
  Vashnia (Snake:4)
  Asterion (Elf:2)
  2 deep elf blademasters (Elf:3)
  A deep elf master archer (Elf:3)
  A titan (Vaults:1)
  A tengu reaver (Vaults:1)
  Gastronok (D:10)
  Agnes (Snake:2)
  11 nagarajas
  2 vault wardens (Vaults:1)
  6 deep elf sorcerers
  Aizul (Shoals:3)
  3 deep elf elementalists (Elf:3)
  3 ironheart preservers (Vaults:1)
  5 deep elf demonologists (Elf:3)
  7 deep elf annihilators (Elf:3)
  A minotaur (Gauntlet)
  A dire elephant (Lair:6)
  A death ooze (Gauntlet)
  A merfolk javelineer (Shoals:3)
  10 deep elf death magi (Elf:3)
  7 merfolk impalers
  Josephine (D:10)
  2 fire dragons (D:15)
  3 deep elf high priests (Elf:3)
  13 naga warriors
  9 vault guards
  Fannar (D:10)
  3 merfolk avatars
  5 hydras
  An ice dragon (Vaults:1)
  14 anacondas
  4 centaur warriors
  8 ogre magi
  4 merfolk aquamancers
  An alligator snapping turtle (Shoals:3)
  11 death yaks
  29 two-headed ogres
  An orc high priest (Orc:1)
  22 dancing weapons
  A shock serpent (shapeshifter) (Elf:3)
  Urug (Lair:3)
  23 naga sharpshooters
  Sonja (Lair:4)
  5 shock serpents
  16 deep elf knights
  A sun demon (Lair:6)
  2 salamander mystics
  A wretched star (Gauntlet)
  A fire crab (D:10)
  3 unseen horrors
  A flayed ghost (D:15)
  28 sea snakes
  11 deep elf archers
  An ironbrand convoker (Vaults:1)
  10 naga ritualists
  Pikel (D:6)
  2 orc knights
  A wizard (Lair:6)
  13 harpies
  5 necromancers
  2 ugly things
  3 oklob plants
  3 orc sorcerers
  59 deep elf magi
  10 mana vipers
  9 cyclopes
  14 salamanders
  17 manticores
  15 fauns
  13 merfolk sirens
  2 centaur zombies
  2 guardian serpents
  A stone giant skeleton (Vaults:1)
  Joseph (D:7)
  41 black mambas
  10 elephants
  A vault sentinel (Vaults:1)
  4 water nymphs (Shoals:4)
  An ice statue (IceCv)
  30 naga magi
  2 minotaur zombies (Gauntlet)
  An orange demon (Lair:6)
  A gargoyle (D:13)
  17 spiny frogs
  7 rime drakes
  7 komodo dragons
  10 freezing wraiths (IceCv)
  2 yaktaurs
  3 ice devils (Lair:6)
  An efreet (D:14)
  A queen bee (D:8)
  A harpy zombie (D:15)
  3 trolls
  A red devil (Lair:6)
  24 merfolk
  A polar bear (Lair:4)
  4 wind drakes
  4 blink frogs
  A wolf spider simulacrum (IceCv)
  Grinder (D:6)
  3 hornets
  16 snapping turtles
  6 slime creatures (D:15)
  20 dream sheep
  13 hippogriffs
  6 air elementals
  A frost giant simulacrum (Vaults:1)
  Sigmund (D:2)
  Eustachio (D:6)
  2 shadows
  41 yaks
  5 wyverns
  A vampire (D:13)
  A yak (shapeshifter) (Vaults:1)
  3 fire bats (D:10)
  12 water elementals
  6 wraiths
  4 fire elementals
  19 humans (D:14)
  6 basilisks
  7 vampire mosquitoes
  5 hungry ghosts
  10 wargs
  A death yak simulacrum (IceCv)
  53 nagas
  A soldier ant (D:15)
  An acid dragon (D:15)
  7 porcupines
  16 water moccasins
  6 hell hounds
  23 orc warriors
  A sky beast (D:10)
  A meliai simulacrum (Gauntlet)
  4 phantoms
  A slave (D:6)
  A black bear (D:9)
  A hornet zombie (D:14)
  7 ice beasts
  37 ogres
  An alligator simulacrum (IceCv)
  2 necrophages
  An eye of draining (D:11)
  29 centaurs
  10 wolves
  18 crocodiles
  A big kobold (D:12)
  Blork the orc (D:5)
  18 bullfrogs
  A spiny frog simulacrum (Gauntlet)
  An earth elemental (Elf:1)
  A small abomination (Gauntlet)
  A water moccasin skeleton (D:4)
  4 scorpions
  22 killer bees
  A swamp dragon simulacrum (IceCv)
  8 wights (D:8)
  2 electric eels
  2 bullfrog zombies
  3 draconian simulacra (IceCv)
  A quasit (D:9)
  3 bullfrog skeletons
  6 crimson imps
  23 orc priests
  14 orc wizards
  Crazy Yiuf (D:3)
  6 hounds
  3 jellies
  3 centaur skeletons
  2 gnoll shamans
  An iguana (D:4)
  6 worker ants
  9 troll simulacra (IceCv)
  A bullfrog simulacrum (Gauntlet)
  3 centaur simulacra (IceCv)
  3 hound skeletons
  A howler monkey zombie (D:9)
  10 gnolls
  An ogre simulacrum (IceCv)
  15 adders
  4 naga simulacra (IceCv)
  3 shadow imps (D:7)
  12 white imps (IceCv)
  An ooze (D:6)
  An adder skeleton (D:8)
  4 worms
  3 dart slugs
  5 leopard geckos
  80 orcs
  3 ball pythons
  16 bats
  5 giant cockroaches
  8 goblins
  12 hobgoblins
  12 jackals
  14 kobolds
  5 quokkas
  3 frilled lizards
  A quokka zombie (D:5)
  5 rats
  3 fungi
  6 plants
1454 creatures vanquished.

Vanquished Creatures (collateral kills)
  A porcupine (Lair:2)
  A crocodile (Lair:2)
2 creatures vanquished.

Vanquished Creatures (others)
  A deep elf master archer (Elf:3)
  A centaur warrior (D:13)
  2 deep elf knights
  A deep elf archer (Elf:3)
  A deep elf mage (Elf:1)
  2 centaurs
  A bush (Lair:2)
  3 demonic plants (Gauntlet)
  14 fungi
  53 plants
79 creatures vanquished.

Grand Total: 1535 creatures vanquished

Notes
Turn   | Place    | Note
-------+----------+-------------------------------------------
     0 | D:1      | dvd the Deep Elf Fire Elementalist began the quest for the
                  | Orb.
     0 | D:1      | Reached XP level 1. HP: 10/10 MP: 6/6
   270 | D:1      | Reached XP level 2. HP: 15/15 MP: 2/8
   352 | D:1      | Learned a level 2 spell: Throw Flame
   713 | D:1      | Reached XP level 3. HP: 19/19 MP: 5/10
  1409 | D:2      | Learned a level 3 spell: Conjure Flame
  1588 | D:2      | Reached skill level 4 in Spellcasting
  1747 | D:2      | Reached XP level 4. HP: 24/24 MP: 10/12
  1877 | D:2      | Noticed Sigmund
  1892 | D:2      | Killed Sigmund
  1892 | D:2      | Reached skill level 5 in Spellcasting
  1892 | D:2      | Reached XP level 5. HP: 17/28 MP: 2/14
  2041 | D:2      | Found a burning altar of Makhleb.
  2051 | D:2      | Learned a level 5 spell: Fireball
  2120 | D:2      | Reached XP level 6. HP: 32/32 MP: 1/16
  2274 | D:2      | Reached skill level 5 in Fire Magic
  2466 | D:2      | Reached skill level 6 in Spellcasting
  2472 | D:2      | Learned a level 4 spell: Sticky Flame
  3068 | D:3      | Found an opulent altar of Gozag.
  3354 | D:3      | Found a runed translucent door.
  3355 | D:3      | Noticed Crazy Yiuf
  3363 | D:3      | Killed Crazy Yiuf
  3565 | D:4      | Noticed an orc warrior
  3583 | D:4      | Killed an orc warrior
  3583 | D:4      | Reached XP level 7. HP: 23/36 MP: 3/19
  3591 | D:4      | Reached skill level 7 in Spellcasting
  3931 | D:4      | Found a stormy altar of Qazlal.
  3934 | D:4      | Found a glowing silver altar of Zin.
  3951 | D:4      | Found a sparkling altar of Nemelex Xobeh.
  3954 | D:4      | Found a white marble altar of Elyvilon.
  4287 | D:4      | You fall through a shaft!
  4287 | D:5      | Entered Level 5 of the Dungeon
  4367 | D:5      | Got a thick robe
  4378 | D:5      | Identified the cursed +1 robe "Ytukodoh" {+Inv rPois rCorr
                  | Str-4} (You found it on level 5 of the Dungeon)
  4585 | D:5      | Noticed Blork the orc
  4590 | D:5      | Killed Blork the orc
  4789 | D:5      | Reached XP level 8. HP: 42/42 MP: 12/21
  4902 | D:5      | Reached skill level 8 in Spellcasting
  5196 | D:5      | Reached skill level 5 in Conjurations
  5258 | D:6      | Noticed Grinder
  5376 | D:6      | Killed Grinder
  5513 | D:6      | Reached skill level 1 in Fighting
  5672 | D:6      | Reached skill level 1 in Staves
  5942 | D:6      | Reached skill level 9 in Spellcasting
  5974 | D:6      | Noticed Eustachio
  6203 | D:6      | Killed Eustachio
  6316 | D:6      | Reached XP level 9. HP: 47/47 MP: 11/24
  6495 | D:6      | Noticed Pikel
  6501 | D:6      | Killed Pikel
  6501 | D:6      | Reached skill level 10 in Spellcasting
  6605 | D:6      | Found a staircase to the Ecumenical Temple.
  6681 | Temple   | Entered the Ecumenical Temple
  6783 | Temple   | Became a worshipper of Vehumet
  7414 | D:7      | Learned a level 3 spell: Stone Arrow
  7738 | D:7      | Reached * piety under Vehumet
  7738 | D:7      | Offered knowledge of Sting by Vehumet.
  7983 | D:7      | Noticed Joseph
  8441 | D:8      | Found Kytsedeuxt's Serpentskin Sales.
  8568 | D:8      | Reached XP level 10. HP: 28/52 MP: 11/26
  9089 | D:8      | Reached skill level 11 in Spellcasting
  9108 | D:8      | Reached ** piety under Vehumet
  9108 | D:8      | Offered knowledge of Shock by Vehumet.
  9112 | D:8      | Learned a level 1 spell: Shock
  9303 | D:7      | Killed Joseph
 10209 | D:9      | Offered knowledge of Mephitic Cloud by Vehumet.
 10554 | D:9      | Found a staircase to the Orcish Mines.
 10644 | D:9      | Noticed a two-headed ogre
 10648 | D:9      | Killed a two-headed ogre
 10648 | D:9      | Reached skill level 12 in Spellcasting
 10648 | D:9      | Reached skill level 1 in Earth Magic
 11032 | D:9      | Found a staircase to the Lair.
 11125 | D:9      | Reached *** piety under Vehumet
 11244 | D:9      | Reached skill level 10 in Fire Magic
 11519 | D:9      | Reached XP level 11. HP: 56/57 MP: 17/29
 11576 | D:9      | Found a glowing golden altar of the Shining One.
 11865 | D:10     | Entered Level 10 of the Dungeon
 11865 | D:10     | Noticed Josephine
 12121 | D:10     | Found a transporter.
 12129 | D:10     | Noticed a fire crab
 12292 | D:10     | Reached skill level 5 in Stealth
 12722 | D:10     | Noticed Gastronok
 12734 | D:10     | Killed Gastronok
 12734 | D:10     | Reached skill level 5 in Dodging
 12837 | D:10     | Noticed Fannar
 12841 | D:10     | Killed Fannar
 12841 | D:10     | Reached skill level 13 in Spellcasting
 12841 | D:10     | Reached skill level 10 in Conjurations
 12845 | D:10     | Offered knowledge of Olgreb's Toxic Radiance by Vehumet.
 12930 | D:10     | Learned a level 4 spell: Olgreb's Toxic Radiance
 13215 | D:10     | Reached skill level 1 in Poison Magic
 13270 | D:10     | Noticed a two-headed ogre
 13276 | D:10     | Killed a two-headed ogre
 13277 | D:10     | Found a transporter.
 13506 | Lair:1   | Entered Level 1 of the Lair of Beasts
 13918 | Lair:1   | Reached **** piety under Vehumet
 14282 | Lair:1   | Offered knowledge of Throw Icicle by Vehumet.
 14527 | Lair:2   | Reached XP level 12. HP: 64/64 MP: 27/31
 14528 | Lair:2   | Noticed a death yak
 14531 | Lair:2   | Noticed a death yak
 14532 | Lair:2   | Noticed a death yak
 14532 | Lair:2   | Noticed a death yak
 14533 | Lair:2   | Noticed a death yak
 14544 | Lair:2   | Noticed a death yak
 14548 | Lair:2   | Killed a death yak
 14558 | Lair:1   | Killed a death yak
 14877 | Lair:1   | Killed a death yak
 14877 | Lair:1   | Reached skill level 14 in Spellcasting
 15448 | Lair:2   | Gained mutation: You are dopey. (Int -2) [potion of
                  | mutation]
 15448 | Lair:2   | Gained mutation: You tend to lose your temper in combat.
                  | [potion of mutation]
 15448 | Lair:2   | Gained mutation: You passively map a small area around you.
                  | [potion of mutation]
 15449 | Lair:2   | Lost mutation: You tend to lose your temper in combat.
                  | [potion of mutation]
 15449 | Lair:2   | Lost mutation: You passively map a small area around you.
                  | [potion of mutation]
 15449 | Lair:2   | Gained mutation: You do not regenerate when monsters are
                  | visible. [potion of mutation]
 15449 | Lair:2   | Gained mutation: Your magical capacity is low. (-10% MP)
                  | [potion of mutation]
 15449 | Lair:2   | Gained mutation: Your body sometimes deteriorates upon
                  | taking damage. [potion of mutation]
 15449 | Lair:2   | Gained mutation: Your system is resistant to poisons.
                  | (rPois) [potion of mutation]
 15682 | Lair:2   | Found a blossoming altar of Fedhas.
 15691 | Lair:2   | Reached skill level 1 in Air Magic
 16415 | Lair:2   | Killed a death yak
 16426 | Lair:2   | Killed a death yak
 16430 | Lair:2   | Killed a death yak
 16648 | Lair:3   | Reached skill level 5 in Staves
 16807 | Lair:3   | Found a staircase to the Snake Pit.
 17016 | Lair:3   | Noticed Urug
 17023 | Lair:3   | Killed Urug
 17023 | Lair:3   | Reached skill level 15 in Spellcasting
 17989 | Lair:3   | Lost mutation: You do not regenerate when monsters are
                  | visible. [potion of mutation]
 17989 | Lair:3   | Lost mutation: Your system is resistant to poisons. (rPois)
                  | [potion of mutation]
 17989 | Lair:3   | Gained mutation: Your spells are a little harder to cast,
                  | but a little more powerful. [potion of mutation]
 17989 | Lair:3   | Gained mutation: You are robust. (+10% HP) [potion of
                  | mutation]
 18178 | Lair:3   | Reached XP level 13. HP: 74/74 MP: 14/30
 18460 | Lair:4   | Noticed Sonja
 18468 | Lair:4   | Killed Sonja
 18582 | Lair:4   | Found a staircase to the Shoals.
 19648 | Lair:5   | Reached skill level 5 in Poison Magic
 19950 | Lair:5   | Learned a level 7 spell: Orb of Destruction
 20213 | Lair:5   | Reached skill level 16 in Spellcasting
 20247 | Lair:5   | Reached ***** piety under Vehumet
 20247 | Lair:5   | Offered knowledge of Bolt of Cold by Vehumet.
 20259 | Lair:5   | Learned a level 6 spell: Bolt of Cold
 21385 | Lair:6   | Entered Level 6 of the Lair of Beasts
 21651 | Lair:6   | Reached XP level 14. HP: 52/81 MP: 6/33
 21759 | Lair:6   | Found a staircase to the Slime Pits.
 21811 | Lair:6   | Found a frozen archway.
 21812 | Lair:6   | Reached skill level 17 in Spellcasting
 21841 | IceCv    | Entered an ice cave
 22125 | IceCv    | Offered knowledge of Force Lance by Vehumet.
 22438 | IceCv    | Found an ancient bone altar of Kikubaaqudgha.
 23945 | Lair:6   | Found a burning altar of Makhleb.
 24142 | Orc:1    | Entered Level 1 of the Orcish Mines
 24262 | Orc:2    | Entered Level 2 of the Orcish Mines
 24456 | Orc:2    | Found a staircase to the Elven Halls.
 24506 | Orc:2    | Reached skill level 18 in Spellcasting
 24973 | Orc:2    | Offered knowledge of Bolt of Draining by Vehumet.
 25148 | Orc:2    | Reached XP level 15. HP: 83/85 MP: 2/35
 25617 | Orc:2    | Found Cewi Cif's Weapon Boutique.
 25617 | Orc:2    | Found Ekeloch's Book Shoppe.
 25618 | Orc:2    | Found Cabun's Weapon Shoppe.
 25618 | Orc:2    | Found Ceocuula's Distillery.
 25629 | Orc:2    | Bought a book of Minor Magic for 200 gold pieces
 25632 | Orc:2    | Learned a level 2 spell: Blink
 25632 | Orc:2    | Bought a book of Fire for 650 gold pieces
 25636 | Orc:2    | Learned a level 3 spell: Ignite Poison
 25643 | Orc:2    | Learned a level 6 spell: Bolt of Fire
 26300 | Orc:1    | Reached skill level 1 in Transmutations
 26747 | D:11     | Got a bloodstained robe
 26748 | D:11     | Identified the +0 robe "Byzxemag" {rC+ rN+} (You found it
                  | on level 11 of the Dungeon)
 27117 | D:11     | Reached skill level 19 in Spellcasting
 27811 | D:12     | Reached ****** piety under Vehumet
 27894 | D:12     | Found Kyuh's Food Shop.
 28305 | D:13     | Offered knowledge of Yara's Violent Unravelling by Vehumet.
 28514 | D:13     | Found a gate leading to a gauntlet.
 28549 | Gauntlet | Entered a Gauntlet
 28549 | Gauntlet | Found a transporter.
 28657 | Gauntlet | Found a transporter.
 28658 | Gauntlet | Found the +8 autumn katana {slice, Clar}
 28659 | Gauntlet | Found a transporter.
 28672 | Gauntlet | Found a transporter.
 28681 | Gauntlet | Found a transporter.
 28686 | Gauntlet | Found a transporter.
 28701 | Gauntlet | Found a transporter.
 28720 | Gauntlet | Found a transporter.
 28732 | Gauntlet | Found a transporter.
 28744 | Gauntlet | Found a transporter.
 28756 | Gauntlet | Found a transporter.
 28768 | Gauntlet | Found a transporter.
 28787 | Gauntlet | Found a transporter.
 28802 | Gauntlet | Found a transporter.
 28804 | Gauntlet | Found a transporter.
 28831 | Gauntlet | Found a transporter.
 28909 | Gauntlet | Found a transporter.
 28929 | Gauntlet | Found a transporter.
 29248 | Gauntlet | Got a flickering steel ring
 29256 | Gauntlet | Identified the cursed ring of the Catfish {rC++ MR+ Str-2}
                  | (You found it in a Gauntlet)
 30746 | D:14     | Identified the cursed +2 spear "Dragon's Tongue" {pierce,
                  | rN+ Str+4 Dex+2}
 31437 | D:14     | Learned a level 8 spell: Ignition
 31498 | D:14     | Found a shadowy altar of Dithmenos.
 31596 | D:14     | Found a gate to the Vaults.
 32038 | D:15     | Entered Level 15 of the Dungeon
 32514 | D:15     | Reached skill level 20 in Spellcasting
 33595 | D:15     | Reached XP level 16. HP: 60/92 MP: 24/38
 34034 | D:15     | Found a staircase to the Depths.
 34529 | D:10     | Offered knowledge of Poison Arrow by Vehumet.
 34536 | D:10     | Killed Josephine
 35075 | Shoals:1 | Entered Level 1 of the Shoals
 35107 | Shoals:1 | Reached skill level 1 in Ice Magic
 35115 | Shoals:1 | Reached skill level 1 in Evocations
 35119 | Shoals:1 | Found Isero's General Store.
 35485 | Shoals:1 | Bought a potion of heal wounds for 75 gold pieces
 35485 | Shoals:1 | Bought a potion of heal wounds for 75 gold pieces
 35485 | Shoals:1 | Bought a potion of curing for 45 gold pieces
 35515 | Shoals:1 | Found Jeon's Magic Scroll Boutique.
 35698 | Shoals:1 | Reached skill level 10 in Poison Magic
 37409 | Shoals:2 | Reached skill level 15 in Fire Magic
 37901 | Shoals:2 | Found Baih's Island Escapes.
 37925 | Shoals:2 | Bought a scroll of teleportation for 33 gold pieces
 37925 | Shoals:2 | Bought a scroll of fog for 22 gold pieces
 37925 | Shoals:2 | Bought a scroll of fog for 22 gold pieces
 37925 | Shoals:2 | Bought a scroll of blinking for 82 gold pieces
 37925 | Shoals:2 | Bought a scroll of fog for 22 gold pieces
 37925 | Shoals:2 | Bought a scroll of teleportation for 33 gold pieces
 37957 | Shoals:2 | Offered knowledge of Conjure Ball Lightning by Vehumet.
 38583 | Shoals:3 | Found Viygupn's Antique Weapon Emporium.
 39016 | Shoals:3 | Reached skill level 21 in Spellcasting
 39023 | Shoals:3 | Found Viacal's Mass Market.
 39383 | Shoals:3 | Noticed Aizul
 39388 | Shoals:3 | Killed Aizul
 39687 | Shoals:4 | Entered Level 4 of the Shoals
 40236 | Shoals:3 | Reached XP level 17. HP: 45/96 MP: 35/40
 40799 | Shoals:4 | Offered knowledge of Conjure Ball Lightning by Vehumet.
 40946 | Shoals:4 | Reached skill level 5 in Evocations
 41636 | Shoals:4 | Got a barnacled rune of Zot
 42324 | Lair:4   | Learned a level 7 spell: Ring of Flames
 42696 | Lair:6   | Reached skill level 1 in Charms
 42701 | Lair:6   | Found a gateway to Hell.
 42913 | Snake:1  | Entered Level 1 of the Snake Pit
 43814 | Snake:1  | Reached skill level 1 in Translocations
 44468 | Snake:1  | Found Mumej's Gadget Emporium.
 44795 | Snake:2  | Noticed Saint Roka
 44801 | Snake:2  | Killed Saint Roka
 45002 | Snake:2  | Reached skill level 22 in Spellcasting
 45310 | Snake:2  | Reached skill level 5 in Charms
 45357 | Snake:2  | You fall through a shaft!
 45784 | Snake:2  | Noticed Agnes
 46063 | Snake:2  | Reached XP level 18. HP: 104/104 MP: 24/41
 46071 | Snake:2  | Killed Agnes
 47927 | Snake:3  | Found a runed translucent gate.
 47944 | Snake:3  | Found a runed translucent gate.
 47975 | Snake:3  | Noticed Smee's ghost (adept MiFi)
 48108 | Snake:3  | Found a runed translucent gate.
 48108 | Snake:3  | Identified the ring "Plog" {-Tele rElec MP+9 Str+3}
 48906 | Snake:3  | Offered knowledge of Lehudib's Crystal Spear by Vehumet.
 48906 | Snake:3  | Offered knowledge of Fire Storm by Vehumet.
 48906 | Snake:3  | Offered knowledge of Tornado by Vehumet.
 49192 | Snake:4  | Entered Level 4 of the Snake Pit
 49570 | Snake:4  | Found Haberoiss's Assorted Antiques.
 49578 | Snake:4  | Noticed Vashnia
 49597 | Snake:4  | Reached skill level 15 in Conjurations
 49598 | Snake:4  | Reached skill level 1 in Shields
 50155 | Snake:4  | Killed Vashnia
 50738 | Snake:4  | Reached XP level 19. HP: 89/108 MP: 26/43
 51891 | Snake:4  | Got a serpentine rune of Zot
 52133 | Elf:1    | Entered Level 1 of the Elven Halls
 52244 | Elf:1    | Reached skill level 10 in Charms
 52382 | Elf:1    | Identified a scroll of acquirement
 52384 | Elf:1    | Got a pair of bloodstained boots
 52390 | Elf:1    | Identified the -5 pair of boots of Qoqoschou {Dex+4} (You
                  | acquired it on level 1 of the Elven Halls)
 52544 | Elf:1    | Reached skill level 23 in Spellcasting
 52800 | Elf:1    | Found Hyutach's Antique Weapon Boutique.
 53078 | Elf:1    | Identified the Papyrus of Battle Magic and Creation
 54129 | Elf:2    | Found a huge runed translucent gate.
 54129 | Elf:2    | Found a huge runed translucent gate.
 54129 | Elf:2    | Found a huge runed translucent gate.
 54129 | Elf:2    | Found a huge runed translucent gate.
 54129 | Elf:2    | Found a huge runed translucent gate.
 54175 | Elf:2    | Identified the cursed +1 rapier of Uncomfortable Rashes
                  | {antimagic, rC++}
 54178 | Elf:2    | Identified the +10 longbow of Duty {velocity, Int+4}
 54178 | Elf:2    | Noticed xight's ghost (veteran DEFE)
 54213 | Elf:2    | Identified the +2 rapier "Eddu" {pierce, MR+}
 54220 | Elf:2    | Found a bloodstained altar of Trog.
 54223 | Elf:2    | Noticed Asterion
 54227 | Elf:2    | Killed Asterion
 54238 | Elf:2    | Found a transporter.
 54322 | Elf:2    | Found a transporter.
 55773 | Elf:3    | Entered Level 3 of the Elven Halls
 55823 | Elf:3    | Found Zaitene's Assorted Antiques.
 55968 | Elf:3    | Reached XP level 20. HP: 114/114 MP: 44/44
 56108 | Elf:3    | Identified the ring "Hiuner" {rElec rN+ Slay+3}
 56109 | Elf:3    | Reached skill level 10 in Evocations
 56332 | Elf:3    | Identified the ring of Xynudwant {+Fly MP-9 Str+4 Int+3}
 56667 | Elf:3    | Identified the +6 war axe of Gozag's Condemnation {venom,
                  | *Contam rF+ rC+++ Str-4}
 57316 | Elf:3    | Identified the Volume of Congealing Air
 57348 | Elf:3    | Identified the +0 leather armour of Poor Excuses {MP-9
                  | Str+2 Dex+6}
 57362 | Elf:3    | Identified the +1 leather armour of a wizard's laboratory
                  | {rC++ MR-}
 58424 | D:9      | Learned a level 5 spell: Aura of Abjuration
 58546 | Vaults:1 | Entered Level 1 of the Vaults
 58619 | Vaults:1 | Reached skill level 1 in Summonings
 58637 | Vaults:1 | Reached skill level 24 in Spellcasting
 59034 | Vaults:1 | HP: 3/114 [centaur warrior/arrow[a vault warden] (27)]
 59036 | Vaults:1 | Shot with an arrow by a centaur warrior

Skill      XL: |  1  2  3  4  5  6  7  8  9 10 11 12 13 14 15 16 17 18 19 20 |
---------------+-------------------------------------------------------------+-----
Conjurations   | 2 3 4 6 8 9 10 11 12 13 14 15 16 | 16.1
Fire Magic     | 4 5 6 7 9 10 11 12 13 14 15 16 17 18 19 | 19.8
Spellcasting   | 4 5 6 7 9 10 12 13 15 16 18 20 21 22 23 24 | 24.1
Stealth        | 3 4 5 6 7 |  7.1
Dodging        | 3 4 5 6 7 8 9 |  9.5
Fighting       | 1 2 3 4 |  4.5
Staves         | 1 2 3 4 5 6 7 8 |  8.2
Earth Magic    | 1 2 3 |  3.9
Poison Magic   | 3 4 6 8 9 10 | 10.8
Air Magic      | 1 |  1.7
Transmutations | 2 4 |  4.4
Ice Magic      | 1 2 |  2.0
Evocations     | 4 7 8 9 11 | 11.0
Charms         | 5 9 11 12 | 12.8
Translocations | 1 2 |  2.3
Shields        | 1 |  1.8
Summonings     | 2 |  2.7
Short Blades   | |  0.4
Armour         | |  0.5

Action                   |  1- 3 |  4- 6 |  7- 9 | 10-12 | 13-15 | 16-18 | 19-21 || total
-------------------------+-------+-------+-------+-------+-------+-------+-------++-------
Melee: Short sword       |     6 |       |       |       |       |       |       ||     6
       Dagger            |       |     7 |    23 |       |       |       |       ||    30
       Quarterstaff      |       |     4 |    44 |   103 |   268 |   113 |       ||   532
       Staff             |       |       |       |       |       |    22 |    57 ||    79
       Spear             |       |       |       |       |       |    10 |       ||    10
 Cast: Flame Tongue      |    67 |    70 |   165 |   166 |    95 |    47 |     9 ||   619
       Throw Flame       |    14 |    27 |    41 |    45 |    30 |    43 |     9 ||   209
       Conjure Flame     |       |     4 |    11 |    18 |     3 |       |       ||    36
       Sticky Flame      |       |     2 |    17 |    79 |    91 |    62 |     5 ||   256
       Fireball          |       |       |    19 |    82 |   153 |   106 |    28 ||   388
       Shock             |       |       |       |    29 |       |     3 |       ||    32
       Stone Arrow       |       |       |       |    32 |     6 |    27 |    35 ||   100
       Olgreb's Toxic Ra |       |       |       |    15 |   133 |    66 |     4 ||   218
       Orb of Destructio |       |       |       |       |    11 |     7 |    21 ||    39
       Bolt of Cold      |       |       |       |       |     2 |    44 |     6 ||    52
       Ignite Poison     |       |       |       |       |    66 |    87 |     4 ||   157
       Bolt of Fire      |       |       |       |       |    17 |   151 |   165 ||   333
       Blink             |       |       |       |       |     2 |    30 |     6 ||    38
       Ignition          |       |       |       |       |     1 |    55 |    39 ||    95
       Ring of Flames    |       |       |       |       |       |     4 |     1 ||     5
Evoke: Wand              |       |       |       |       |     8 |    12 |     5 ||    25
       Lamp of fire      |       |       |       |       |       |     1 |       ||     1
       Crystal ball of e |       |       |       |       |       |     2 |    13 ||    15
  Use: Scroll            |       |       |     1 |    20 |     8 |    12 |     9 ||    50
       Potion            |       |       |       |    15 |       |    10 |     4 ||    29
 Stab: Sleeping          |       |       |     2 |     1 |     4 |     1 |     1 ||     9
       Petrified         |       |       |       |     4 |       |       |       ||     4
  Eat: Chunk             |     3 |     5 |    17 |    23 |    40 |    42 |    21 ||   151
       Ration            |       |       |     1 |     4 |     4 |    10 |     5 ||    24
Armor: Robe              |     6 |     3 |    12 |    42 |   105 |    50 |    20 ||   238
       Leather armour    |       |       |       |       |       |    11 |       ||    11
Dodge: Dodged            |    37 |    12 |    76 |   138 |   295 |   279 |    60 ||   897
Block: Other             |       |       |       |       |    89 |    80 |       ||   169
       Reflection        |       |       |       |       |    14 |    28 |    15 ||    57
       Buckler           |       |       |       |       |       |    50 |    42 ||    92
